 Dungeon Crawl Stone Soup version 0.31-a0-237-g2d982f9f85 (webtiles) character file.

Game seed: 17862522974353941628

131 qw the Shooter (level 5, -2/30 HPs)
             Began as a Gargoyle Hexslinger on July 10, 2023.
             Slain by an orc
             ... wielding a +0 flail
              (5 damage)
             ... on level 3 of the Dungeon.
             The game lasted 00:00:40 (1855 turns).

qw the Shooter (Gargoyle Hexslinger)                Turns: 1855, Time: 00:00:41

Health: -2/30      AC:  9    Str: 11    XL:     5   Next: 14%
Magic:  6/6        EV: 15    Int: 14    God:
Gold:   50         SH:  0    Dex: 14    Spells: 5/6 levels left

rFire   . . .        Y - +1 sling
rCold   . . .        (no shield)
rNeg    + . .        g - +0 ring mail
rPois   inf          (no helmet)
rElec   +            (no cloak)
rCorr   .            (no gloves)
SInv    .            (no boots)
Will    .....        (no amulet)
Stlth   +            h - +5 ring of evasion
HPRegen 0.25/turn    (no ring)
MPRegen 0.10/turn

%: no passive effects
@: no status effects
A: sickness immunity, AC +4, negative energy resistance 1, electricity
resistance, torment resistance 1, petrification resistance
a: no special abilities


You were on level 3 of the Dungeon.
You visited 1 branch of the dungeon, and saw 3 of its levels.

You collected 50 gold pieces.


Innate Abilities, Weirdness & Mutations

You are immune to sickness and miasma.
Your stone body is resilient. (AC +4)
You are immune to poison.
You resist negative energy. (rN+)
You are resistant to electric shocks. (rElec)
You are resistant to unholy torment.
You are immune to petrification.


   Skills:
 - Level 2.0 Fighting
 + Level 4.4 Ranged Weapons
 - Level 2.0 Armour
 - Level 1.5 Dodging
 - Level 1.0 Spellcasting
 - Level 2.6 Hexes


You had 5 spell levels left.
You knew the following spells:

 Your Spells              Type           Power      Damage    Failure   Level
a - Slow                  Hex            32%        N/A       21%         1

Your spell library contained the following spells:

 Spells                   Type           Power      Damage    Failure   Level
 Inner Flame              Hex/Fire       4%         N/A       71%         3
 Portal Projectile        Hex/Tloc       8%         N/A       71%         3
 Cause Fear               Hex            4%         N/A       90%         4

Inventory:

Hand Weapons
 Y - a +1 sling (weapon)
Armour
 g - a +0 ring mail (worn)
Jewellery
 h - a +5 ring of evasion (left hand)
Scrolls
 c - a scroll of identify
Potions
 a - a potion of haste
 b - a potion of resistance
 e - a potion of magic {unknown}
 f - a potion of might {unknown}
 i - a potion of degeneration {unknown}

Dungeon Overview and Level Annotations

Branches:
Dungeon (3/15)

Altars:


Message History

The orc hits you with a +0 morningstar.
The orc priest calls down the wrath of Beogh upon you.
Pain shoots through your body! The orc barely misses you.
The orc hits you with a +0 dagger. The orc hits you with a +0 falchion.
The orc hits you but does no damage. The orc barely misses you.
The orc hits you but does no damage. x2; The orc priest closely misses you.
You shoot a sling bullet.
The sling bullet hits the orc priest but does no damage.
The orc hits you with a +0 morningstar! The orc priest closely misses you.
The orc misses you. The orc barely misses you. The orc completely misses you.
You shoot a sling bullet.
The sling bullet hits the orc priest but does no damage.
The orc closely misses you. The orc priest closely misses you.
The orc barely misses you. The orc misses you. x2
You shoot a sling bullet. The sling bullet hits the orc priest.
The orc priest is lightly wounded.
The orc misses you. The orc priest barely misses you.
The orc closely misses you. The orc hits you but does no damage.
The orc barely misses you. The orc hits you but does no damage.
The orc misses you. The orc closely misses you. x2
The orc priest hits you but does no damage.
You shoot a sling bullet. The sling bullet hits the orc priest.
The orc priest is lightly wounded.
A frilled lizard comes into view.
The orc hits you with a +0 morningstar!
The orc priest hits you but does no damage.
The orc closely misses you. The orc hits you but does no damage. x2
You shoot a sling bullet.
The sling bullet hits the orc priest but does no damage.
The orc priest is lightly wounded.
The orc misses you. The orc priest misses you.
The orc hits you but does no damage. The orc misses you.
The orc barely misses you.
You shoot a sling bullet.
The sling bullet hits the orc priest but does no damage.
The orc priest is lightly wounded.
The orc completely misses you.
The orc priest hits you but does no damage.
The orc barely misses you. The orc misses you.
The orc hits you with a +0 flail.
You die...

##.........
####......... ..
............# .###
.......l....# ###...
............###...### #
....................#.#
....................#.#
.#....oo.##.#.........##
......o@................
......oo....#.#.........
......#######.#.........
..#... #.#.........
..... #.#......... .....
..####.#...# .#.. #..
#.#.... ##+ ..## #.#....
###.#.#..))


You could see an orc priest, 4 orcs and a frilled lizard.

Vanquished Creatures
  An orc priest (D:3)
  A hound (D:3)
  2 adders (D:2)
  A gnoll (D:1)
  A worm (D:3)
  A dart slug (D:2)
  2 orcs (D:3)
  2 ball pythons
  4 endoplasms
  3 giant cockroaches
  5 hobgoblins
  3 jackals (D:1)
  3 quokkas (D:1)
  2 bats
  A frilled lizard (D:2)
  3 goblins
  A kobold (D:3)
  3 rats
39 creatures vanquished.

Notes
Turn   | Place    | Note
-------+----------+-------------------------------------------
     0 | D:1      | qw the Gargoyle Hexslinger began the quest for the Orb.
     0 | D:1      | Reached XP level 1. HP: 12/12 MP: 2/2
     0 | D:1      | 0 ||| qw: Version: 0.3-a-52-g30416fa
     0 | D:1      | 0 ||| qw: Game counter: 4996
     0 | D:1      | 0 ||| qw: Melee chars always use a shield: true
     0 | D:1      | 0 ||| qw: God list: Okawaru
     0 | D:1      | 0 ||| qw: Allow faded altars: false
     0 | D:1      | 0 ||| qw: Do Orc after clearing Dungeon:15 true
     0 | D:1      | 0 ||| qw: Do second Lair branch before Depths: true
     0 | D:1      | 0 ||| qw: Lair rune preference: random
     0 | D:1      | 0 ||| qw: Goals: Normal
     0 | D:1      | 0 ||| PLANNING D:1-11
   150 | D:1      | Reached XP level 2. HP: 16/16 MP: 3/3
   392 | D:1      | Reached skill level 3 in Ranged Weapons
   448 | D:1      | Reached XP level 3. HP: 21/21 MP: 4/4
   740 | D:1      | 740 ||| UPGRADING to +0 ring mail.
   750 | D:1      | 750 ||| DROPPING +0 robe.
   751 | D:1      | 751 ||| READING scroll labelled OCHIAHIHYWK.
   752 | D:1      | 752 ||| READING scroll labelled LAMIFU XUTTATY.
   853 | D:1      | 853 ||| DROPPING scroll of poison.
  1150 | D:2      | Reached XP level 4. HP: 26/26 MP: 5/5
  1602 | D:2      | 1602 ||| UPGRADING to +5 ring of evasion.
  1603 | D:2      | 1603 ||| READING scroll labelled BAEPRALYOSCH.
  1604 | D:2      | 1604 ||| READING 3 scrolls of identify.
  1604 | D:2      | 1604 ||| IDENTIFYING smoky silvery potion
  1605 | D:2      | 1605 ||| READING 2 scrolls of identify.
  1605 | D:2      | 1605 ||| IDENTIFYING lumpy clear potion
  1664 | D:3      | Reached skill level 4 in Ranged Weapons
  1766 | D:3      | Reached XP level 5. HP: 19/30 MP: 6/6
  1853 | D:3      | HP: 3/30 [orc/+0 morningstar (9)]
  1855 | D:3      | Slain by an orc

Levels and vault maps discovered:
D:1:      sevenhm_arrival_forest_fort_large_4, layout_basic
D:2:      layout_basic
D:3:      layout_basic, gammafunk_ghost_nasty_kobolds, kennysheep_flooded_box,
          uniq_sigmund, uniq_natasha, uniq_jessica

Skill      XL: |  1  2  3  4 |
---------------+-------------+-----
Ranged Weapons | 3 4 |  4.4
Fighting       | 2 |  2.0
Armour         | 2 |  2.0
Dodging        | |  1.5
Spellcasting   | |  1.0
Hexes          | |  2.6

Action                     |  1- 3 |  4- 6 || total
---------------------------+-------+-------++-------
   Fire: Sling             |   108 |    59 ||   167
    Use: Scroll            |     2 |     3 ||     5
 Armour: Robe              |     6 |       ||     6
         Ring mail         |    15 |    25 ||    40
  Dodge: Dodged            |    45 |    57 ||   102

Table legend:
 A = Non-vault XP
 B = Vault XP
 C = Vault XP percentage of total XP
 D = Non-vault monster count
 E = Vault monster count
 F = Vault count percentage of total count
                 A         B        C        D         E       F
            +---------+---------+-------+---------+---------+-------
      Total |     188 |       0 |   0.0 |      39 |       0 |   0.0
            +---------+---------+-------+---------+---------+-------
        D:1 |      42 |       0 |   0.0 |      17 |       0 |   0.0
        D:2 |      48 |       0 |   0.0 |      13 |       0 |   0.0
        D:3 |      98 |       0 |   0.0 |       9 |       0 |   0.0
            +---------+---------+-------+---------+---------+-------
